Map: Ulrena

Players

icemac - Winner!

  • Race: Protoss Protoss
  • League: Platinum

Novawulfen

  • Race: Terran Terran
  • League: Gold

VOD

Have the link to the VOD?

Description

Time

  • Played on: Nov. 15, 2015, 8:37 a.m.
  • Length: 5:34
Show
View Real Time Build Order
Export as new Build Order

icemac Protoss - Winner!

Build Orders: Blink Stalkers 

Get SALT Encoding   

  12  0:01  Probe (Chrono Boost)  
  13  0:12  Probe (Chrono Boost)  
  14  0:21  Pylon  
  14  0:23  Probe (Chrono Boost)  
  15  0:39  Probe (Chrono Boost)  
  15  0:40  Gateway  
  16  0:48  Assimilator  
  16  0:49  Probe (Chrono Boost)  
  17  0:54  Assimilator  
  17  1:00  Probe (Chrono Boost)  
  17  1:03  Pylon  
  18  1:10  Probe (Chrono Boost)  
  19  1:21  Probe (Chrono Boost)  
  20  1:27  Cybernetics Core  
  20  1:31  Probe (Chrono Boost)  
  21  1:42  Probe (Chrono Boost)  
  22  1:52  Pylon  
  22  1:53  Probe (Chrono Boost)  
  23  2:04  Mothership Core (Chrono Boost)  
  23  2:05  Warp Gate  
  25  2:24  Stalker  
  25  2:25  Twilight Council  
  27  2:53  Gateway x2  
  27  2:54  Gateway  
  27  2:59  Pylon  
  27  3:05  Blink (Chrono Boost)  
  27  3:08  Stalker  
  29  3:40  Pylon  
  29  4:03  Pylon  
  29  4:18  Stalker x3  
  29  4:19  Stalker  
  37  4:30  Pylon  
  37  4:42  Stalker  
  37  4:43  Stalker x2  
  37  4:44  Stalker  
  39  5:30  Stalker x3  
  39  5:31  Stalker  
Show
View Real Time Build Order
Export as new Build Order

Novawulfen Terran 

Build Orders:  

Get SALT Encoding   

  12  0:01  SCV  
  13  0:13  SCV  
  14  0:18  Supply Depot  
  14  0:26  SCV  
  15  0:40  SCV  
  16  0:43  Barracks  
  16  0:47  Refinery  
  16  0:52  SCV  
  17  1:06  SCV  
  18  1:19  SCV  
  19  1:29  Marine  
  20  1:34  Supply Depot  
  20  1:42  SCV  
  21  1:48  Barracks Tech Lab  
  21  2:00  Command Center  
  21  2:04  Orbital Command  
  21  2:09  Marine  
  22  2:27  Marine  
  23  2:34  SCV  
  24  2:45  Marine  
  24  2:46  SCV  
  26  2:55  Barracks  
  26  2:57  Barracks  
  26  2:58  Engineering Bay  
  26  3:00  Stimpack  
  26  3:02  SCV  
  26  3:05  Marine  
  28  3:15  Orbital Command  
  28  3:23  Marine  
  29  3:28  Refinery, Bunker  
  29  3:30  Terran Infantry Weapons Level 1  
  29  3:33  SCV  
  30  3:42  SCV  
  31  3:50  Barracks Tech Lab x2  
  31  3:52  SCV  
  31  3:54  SCV  
  33  4:01  Orbital Command  
  32  4:12  SCV  
  32  4:14  Bunker, Marauder  
  32  4:16  Marauder x2  
  40  4:24  SCV  
  40  4:25  Supply Depot  
  40  4:27  SCV  
  40  4:28  Supply Depot  
  41  4:34  Marine  
  41  4:36  SCV  
  41  4:37  Concussive Shells  
  43  4:43  SCV  
  44  4:48  SCV  
  45  4:53  Factory  
  45  4:54  Supply Depot  
  45  4:55  Supply Depot, SCV  
  46  5:03  SCV, Refinery  
  46  5:05  Refinery  
Tags
 
Add a new tag
Caveats
  • Supply blocks, unpowered buildings, or Contaminate may cause inaccurate times.
  • Supply counts are checked every 10 seconds.